 Dungeon Crawl Stone Soup version 0.23.2-30-g0e89c35649 (webtiles) character file.

Game seed: 4599006817873494600

6 manyhoops the Magician (level 1, -1/13 HPs)
             Began as a Gnoll Wanderer on June 20, 2019.
             Slain by a kobold (4 damage)
             ... on level 1 of the Dungeon.
             The game lasted 00:01:29 (344 turns).

manyhoops the Magician (Gnoll Wanderer)              Turns: 344, Time: 00:01:30

Health: -1/13      AC:  3    Str:  9 (12) XL:     1   Next: 90%
Magic:  8/8        EV: 12    Int: 17 (18) God:
Gold:   0          SH:  0    Dex: 10 (12) Spells: 12/14 levels left

rFire    . . .     SeeInvis .   a - +0 club
rCold    . . .     Gourm    .   (no shield)
rNeg     . . .     Faith    .   e - +0 leather armour
rPois    .         Spirit   .   (no helmet)
rElec    .         Reflect  .   (no cloak)
rCorr    .         Harm     .   (no gloves)
MR       .....                  (no boots)
Stlth    ++........             (no amulet)
HPRegen  0.04/turn              (no ring)
MPRegen  0.11/turn              (no ring)

@: no status effects
A: distributed training, fangs 1, strong nose
a: no special abilities


You were on level 1 of the Dungeon.
You were not hungry.

You visited 1 branch of the dungeon, and saw 1 of its levels.

Inventory:

Hand Weapons
 a - a +0 club (weapon)
Missiles
 b - 4 throwing nets (quivered)
Armour
 e - a +0 leather armour (worn)
Comestibles
 f - a ration


   Skills:
 + Level 0.1 Fighting
 + Level 0.1 Short Blades
 + Level 0.1 Long Blades
 + Level 0.1 Axes
 + Level 0.1 Maces & Flails
 + Level 0.1 Polearms
 + Level 2.4 Staves
 + Level 0.1 Slings
 + Level 0.1 Bows
 + Level 0.1 Crossbows
 + Level 4.4 Throwing
 + Level 0.1 Armour
 + Level 2.4 Dodging
 + Level 2.2 Stealth
 + Level 0.1 Shields
 + Level 0.1 Unarmed Combat
 + Level 7.0 Spellcasting
 + Level 0.1 Conjurations
 + Level 0.1 Hexes
 + Level 0.1 Charms
 + Level 0.1 Summonings
 + Level 0.1 Necromancy
 + Level 0.1 Translocations
 + Level 2.0 Transmutations
 + Level 0.1 Fire Magic
 + Level 0.1 Ice Magic
 + Level 0.1 Air Magic
 + Level 0.1 Earth Magic
 + Level 2.0 Poison Magic
 + Level 0.2 Invocations
 + Level 0.1 Evocations


You had 12 spell levels left.
You knew the following spells:

 Your Spells              Type           Power        Failure   Level  Hunger
a - Beastly Appendage     Tmut           ##....       7%          1    None
b - Flame Tongue          Conj/Fire      #....        16%         1    None

Your spell library contained the following spells:

 Spells                   Type           Power        Failure   Level  Hunger
 Ignite Poison            Fire/Tmut/Pois ##......     28%         3    ##.....


Dungeon Overview and Level Annotations

Branches:
Dungeon (1/15)

Altars:


Innate Abilities, Weirdness & Mutations

Your experience applies equally to all skills.
You have very sharp teeth.
Your uncanny sense of smell can sniff out nearby items.


Message History

The kobold throws a stone.
The stone hits you but does no damage.
You see here a stone.
The hobgoblin hits you but does no damage.
The rat bites you but does no damage.
You hit the hobgoblin.
You kill the hobgoblin!
Your Transmutations skill increases to level 2!
Your Poison Magic skill increases to level 2!
You hit the rat but do no damage. The rat bites you.
* * * LOW HITPOINT WARNING * * *
The rat barely misses you.
You hit the rat.
You kill the rat!
The kobold hits you but does no damage.
The kobold throws a stone.
The stone barely misses you. The kobold barely misses you.
The kobold misses you.
You closely miss the kobold. The kobold closely misses you.
You completely miss the kobold. The kobold hits you.
You die...

#...>..######.## ##.#
######.........# #...
#.........# #...
##........# #...
#........######...
####..............((.
#####...................?
................##.......
......>K@###..####(......
########.###############.
##...###♣....'...##
##......##'####...#
##.......#♣.♣♣♣#.<.#
#........#♣♣..♣#...#
######........# ♣♣♣.#...#
............(.#####'#####
######........#.........#


You could see a kobold.

Vanquished Creatures
  A hobgoblin (D:1)
  2 kobolds (D:1)
  4 rats (D:1)
7 creatures vanquished.

Notes
Turn   | Place    | Note
-------+----------+-------------------------------------------
     0 | D:1      | manyhoops the Gnoll Wanderer began the quest for the Orb.
     0 | D:1      | manyhoops set off with the following items: a +0 club, 4
                  | throwing nets, a +0 leather armour, a ration; and the
                  | following spells available to memorise: Beastly Appendage,
                  | Flame Tongue, Ignite Poison
     0 | D:1      | Reached XP level 1. HP: 13/13 MP: 8/8
     2 | D:1      | Learned a level 1 spell: Beastly Appendage
     4 | D:1      | Learned a level 1 spell: Flame Tongue
   344 | D:1      | Slain by a kobold

Skill      XL: |  1 |
---------------+----+-----
Transmutations | 2 |  2.0
Poison Magic   | 2 |  2.0
Fighting       | |  0.1
Short Blades   | |  0.1
Long Blades    | |  0.1
Axes           | |  0.1
Maces & Flails | |  0.1
Polearms       | |  0.1
Staves         | |  2.4
Slings         | |  0.1
Bows           | |  0.1
Crossbows      | |  0.1
Throwing       | |  4.4
Armour         | |  0.1
Dodging        | |  2.4
Stealth        | |  2.2
Shields        | |  0.1
Unarmed Combat | |  0.1
Spellcasting   | |  7.0
Conjurations   | |  0.1
Hexes          | |  0.1
Charms         | |  0.1
Summonings     | |  0.1
Necromancy     | |  0.1
Translocations | |  0.1
Fire Magic     | |  0.1
Ice Magic      | |  0.1
Air Magic      | |  0.1
Earth Magic    | |  0.1
Invocations    | |  0.2
Evocations     | |  0.1

Action                   || total
-------------------------++-------
Melee: Club              ||    27
       Bite              ||     2
  Use: Potion            ||     1
 Stab: Sleeping          ||     1
Armor: Leather armour    ||    11
Dodge: Dodged            ||    20
